 Dungeon Crawl Stone Soup version 0.32-a0-485-g70f7560b1c (webtiles) character file.

Game seed: 8329337654345653396

11251 gimp the Martial Artist (level 11, 0/76 (78) HPs)
             Began as a Vine Stalker Shapeshifter on Feb 26, 2024.
             Was a Believer of Ru.
             Killed from afar by a laughing skull (6 damage)
             ... with a bolt of negative energy
             ... on level 10 of the Dungeon.
             The game lasted 00:20:44 (8945 turns).

gimp the Martial Artist (Vine Stalker Shapeshifter) Turns: 8945, Time: 00:20:44

HP:   0/76 (78)     AC: 25    Str: 17    XL:     11   Next: 74%
MP:   0/12          EV:  2    Int: 10    God:    Ru [**....]
Gold: 58            SH:  5    Dex: 24    Spells: 10/10 levels left

rFire   . .          .
                       - Unarmed
rCold   . . .        (no shield)
rNeg    + . .        b - melded +2 robe {rN+}
rPois   +            (helmet currently unavailable)
rElec   .            F - melded +0 cloak
rCorr   .            I - melded +0 pair of gloves
SInv    .            J - melded +0 pair of boots
Will    +....        z - amulet of reflection
Stlth   ++           B - +6 ring of dexterity
HPRegen 1.12/turn    u - ring of positive energy
MPRegen 0.13/turn

%: inaccuracy (-5), reflection, guardian spirit
@: tree-form, lightly drained
A: stationary, stasis, torment immunity, boosted hp, (fangs 3), regeneration 1,
magic shield, (antimagic bite), no potion heal 2, inability to drink after
injury 2, missing an eye
a: Renounce Religion


You were on level 10 of the Dungeon.
You worshipped Ru.
Ru was pleased with you.
You were a tree.
You visited 2 branches of the dungeon, and saw 11 of its levels.

You collected 671 gold pieces.
You spent 613 gold pieces at shops.

Inventory:

Missiles
 D - 2 curare-tipped darts
Armour
 b - a +2 robe of positive energy (melded)
 w - the scarf "Buacsibb" {harm, rCorr}
   (You acquired it on level 5 of the Dungeon)

   rCorr:     It protects you from acid and corrosion.
 F - a +0 cloak (melded)
 I - a +0 pair of gloves (melded)
 J - a +0 pair of boots (melded)
Magical Staves
 n - a staff of air
Jewellery
 a - a ring of poison resistance
 e - a +6 ring of strength
 l - a ring of protection from fire
 u - a ring of positive energy (right branch)
 v - a ring of protection from fire
 z - an amulet of reflection (around neck)
 A - an amulet of the acrobat
 B - a +6 ring of dexterity (left branch)
 C - a ring of flight
 E - the ring of Feulauny {rC+ Will+ rCorr}
   (You found it on level 6 of the Dungeon)

   [ring of willpower]

   rC+:       It protects you from cold.
   Will+:     It increases your willpower.
   rCorr:     It protects you from acid and corrosion.
Talismans
 c - a beast talisman
 d - a flux talisman (active)
 j - a serpent talisman
 s - a blade talisman
Scrolls
 k - 3 scrolls of teleportation
 m - 2 scrolls of fog
 o - 2 scrolls of amnesia {unknown}
 p - 2 scrolls of enchant armour {unknown}
 t - 3 scrolls of immolation {unknown}
 x - 2 scrolls of silence {unknown}
 y - 2 scrolls of fear {unknown}
 H - a scroll of butterflies
 K - a scroll of noise {unknown}
 L - a scroll of poison {unknown}
Potions
 f - 5 potions of curing
 g - 2 potions of enlightenment
 h - a potion of lignification
 q - 2 potions of attraction
 r - 2 potions of mutation
 G - a potion of magic
Miscellaneous
 i - a lightning rod (2/4)


   Skills:
 - Level 3.0 Fighting
 + Level 9.1 Dodging
 + Level 11.2 Unarmed Combat
 + Level 9.6 Shapeshifting


You had 10 spell levels left.
You didn't know any spells.
Your spell library contained the following spells:

 Spells                   Type           Power      Damage    Failure   Level
 Cigotuvi's Dreadful Rot  Necr/Alch/Air  0%         N/A       50%         2
 Dazzling Flash           Conj/Hex       0%         N/A       75%         3
 Mephitic Cloud           Conj/Alch/Air  0%         N/A       75%         3
 Ozocubu's Armour         Ice            0%         N/A       75%         3
 Stone Arrow              Conj/Erth      0%         3d7       75%         3
 Animate Armour           Summ/Erth      0%         N/A       98%         4
 Ignite Poison            Fire/Alch      0%         N/A       98%         4
 Curse of Agony           Necr           0%         N/A       100%        5
 Freezing Cloud           Conj/Ice/Air   0%         6-21      100%        5
 Metabolic Englaciation   Hex/Ice        0%         N/A       100%        5
 Silence                  Hex/Air        0%         N/A       100%        5
 Sculpt Simulacrum        Ice/Alch       0%         N/A       100%        6
 Lehudib's Crystal Spear  Conj/Erth      0%         10d2      100%        8


Dungeon Overview and Level Annotations

Branches:
Dungeon (10/15)            Temple (1/1) D:4             Orc (0/2) D:10
   Lair: D:8-11

Altars:
Ashenzari
Cheibriados
Dithmenos
Elyvilon
Fedhas
Gozag
Hepliaklqana
Kikubaaqudgha
Makhleb
Nemelex Xobeh
Okawaru
Qazlal
Ru
Sif Muna
Trog
Uskayaw
Vehumet
Wu Jian
Xom
Yredelemnul
Zin
The Shining One

Shops:
D:4 !   D:5 **[**   D:10 (

Annotations:
D:9 Amaemon


Innate Abilities, Weirdness & Mutations

You are a tree.
Your roots penetrate the ground, keeping you stationary.
You cannot be teleported.
You are immune to unholy pain and torment.
Your maximum health is greatly increased.
Your equipment is partially melded.
((You have razor-sharp teeth.))
Your natural rate of healing is unusually fast.
When hurt, damage is shared between your health and your magic reserves.
((Your bite disrupts and absorbs the magic of your enemies.))
Potions cannot restore your health.
You sometimes lose the ability to drink potions when taking damage.
You are missing an eye, making it more difficult to aim.


Message History

The centaur warrior shoots an arrow.
The arrow hits you!!
You take 21 damage, and have 31/52 hp.
MASSIVE DAMAGE!!
You now have 6/12 mp.
The laughing skull gives a hideous shriek!
You hear a shout!
There is an open door here.
The centaur warrior shoots an arrow.
The arrow completely misses you.
You close the door.
You regained 2 hp, and now have 37/52 hp.
You start resting.
The centaur warrior shoots an arrow.
The arrow barely misses you.
You start resting.
A centaur warrior is nearby!
You regained 3 hp, and now have 46/52 hp.
The centaur warrior unwields a +0 orcbow.
The centaur warrior wields a +2 glaive of holy wrath.
It softly glows with a divine radiance!
The centaur warrior hits you with a +2 glaive of holy wrath!!
You focus your inner power and illuminate the centaur warrior in retribution!
The centaur warrior kicks you.
You take 19 damage, and have 27/52 hp.
MASSIVE DAMAGE!!
You now have 5/12 mp.
You punch the centaur warrior!
The centaur warrior begins to glow.
You bite the centaur warrior. You drain its power.
You feel invigorated.
The centaur warrior is moderately wounded.
The centaur warrior misses you. The centaur warrior kicks you.
You take 1 damage, and have 26/52 hp.
MP restored: 12 Your transformation has ended.
Your +2 robe of positive energy unmelds from your body.
You feel more protected from negative energy.
You turn into a tree.
Your +0 cloak melds into your body.
Your +0 pair of gloves melds into your body.
Your +0 pair of boots melds into your body.
Your +2 robe of positive energy melds into your body.
You feel less protected from negative energy.
Your roots penetrate the ground.
You redirect the centaur warrior's attack!
The centaur warrior closely misses the laughing skull.
The centaur warrior barely misses the laughing skull.
The laughing skull barely misses you.
The centaur warrior hits you with a +2 glaive of holy wrath!
The centaur warrior barely misses you.
You now have 30/78 hp.
You hit the centaur warrior but do no damage.
The centaur warrior is moderately wounded.
The laughing skull headbutts you but does no damage.
The centaur warrior hits you with a +2 glaive of holy wrath.
The centaur warrior kicks you but does no damage.
The laughing skull headbutts you but does no damage.
You take 2 damage, and have 28/78 hp.
You smack the centaur warrior!
The centaur warrior is heavily wounded.
The centaur warrior hits you with a +2 glaive of holy wrath!
* * * LOW HITPOINT WARNING * * *
The centaur warrior kicks you but does no damage.
The laughing skull headbutts you but does no damage.
You take 7 damage, and have 21/78 hp.
You now have 7/12 mp.
You closely miss the centaur warrior.
The centaur warrior is heavily wounded.
The centaur warrior barely misses you. You block the centaur warrior's attack.
The laughing skull headbutts you but does no damage.
You pummel the centaur warrior!!
The centaur warrior is almost dead.
The centaur warrior hits you with a +2 glaive of holy wrath!
* * * LOW HITPOINT WARNING * * *
The centaur warrior kicks you but does no damage.
The laughing skull headbutts you but does no damage.
You take 9 damage, and have 12/78 hp.
You now have 3/12 mp.
You smack the centaur warrior!
You kill the centaur warrior!
The laughing skull headbutts you.
* * * LOW HITPOINT WARNING * * *
You take 3 damage, and have 9/78 hp.
You now have 2/12 mp.
Okay, then.
You're wearing all the rings you can.
Remove which one? (? for menu, Esc to cancel) < or
B - a +6 ring of dexterity; > or
a - a ring of poison resistance You remove your ring of poison resistance.
The laughing skull headbutts you.
* * * LOW HITPOINT WARNING * * *
u - a ring of positive energy (right branch)
The laughing skull headbutts you.
* * * LOW HITPOINT WARNING * * *
You take 4 damage, and have 5/78 hp.
You now have 0/12 mp.
Press: ? - help, v - describe, . - travel
Here: a laughing skull The floor.
Okay, then.
Press: ? - help, v - describe, . - travel
Here: a laughing skull The floor.
Aiming: Thunderbolt
Press: ? - help, Shift-Dir - straight line, f - laughing skull
Aim: a laughing skull The thunderbolt hits the laughing skull!
The laughing skull is heavily damaged.
The laughing skull gibbers with scorn.
The bolt of negative energy hits you. You partially resist.
You feel drained.
You die...
The laughing skull crumbles to pieces from sheer joy.
Ru respects your ultimate sacrifice.

#.#...........#.#.....c.....Q....
#.#...........#.#....)...........
#.#...........#.+.....!..........
##)..###......#.#................
E#...#E###....#.#......".........
##...###.##+###.#................
................#.[.............)
..._...........)##############...
...............z♣............#...
##...###........#####........#...
E#...#E#####....#...#........#...
##...###...#....#...#........#...
.#.........#....'...'........####
.#.........#....#...#............
.'.........#....#####............
.#######.###.................####
.................................


You could see a laughing skull.

Vanquished Creatures
  Erica (D:10)
  A centaur warrior (D:10)
  2 two-headed ogres (D:10)
  A skeletal warrior (D:10)
  An orange demon (D:9)
  3 unseen horror zombies (D:9)
  A troll (D:10)
  Sigmund (D:5)
  A shadow (D:9)
  6 yaks
  A wyvern (D:8)
  2 steam dragons
  A warg (D:9)
  8 vampire mosquitoes
  A water moccasin (D:8)
  An acid dragon (D:6)
  2 black bears
  4 orc warriors
  3 sky beasts
  4 ice beasts
  An ogre (D:4)
  2 centaurs (D:9)
  4 kobold brigands
  4 bullfrogs
  4 scorpions
  3 gnoll sergeants
  A howler monkey (D:8)
  2 bombardier beetles
  4 centaur zombies (D:9)
  3 hounds
  A gnoll bouda (D:9)
  15 orc priests
  3 jellies
  2 sleepcaps
  Jessica (D:2)
  Natasha (thrice) (D:2)
  Terence (D:2)
  4 iguanas
  12 orc wizards
  A killer bee zombie (D:9)
  A howler monkey zombie (D:9)
  5 adders
  17 gnolls
  2 shadow imps
  2 white imps
  4 ufetubi
  5 dart slugs
  28 orcs
  3 ball pythons
  6 endoplasms
  4 giant cockroaches
  3 goblins
  14 hobgoblins
  5 jackals
  15 kobolds
  6 quokkas
  6 bats
  2 frilled lizards
  2 rats
246 creatures vanquished.

Vanquished Creatures (others)
  4 kobolds (D:7)
4 creatures vanquished.

Grand Total: 250 creatures vanquished

Notes
Turn   | Place    | Note
-------+----------+-------------------------------------------
     0 | D:1      | gimp the Vine Stalker Shapeshifter began the quest for the
                  | Orb.
     0 | D:1      | Reached XP level 1. HP: 9/9 MP: 2/2
    23 | D:1      | Reached skill level 1 in Fighting
   142 | D:1      | Reached XP level 2. HP: 10/14 MP: 1/3
   546 | D:2      | Reached XP level 3. HP: 18/18 MP: 4/4
   664 | D:2      | Noticed Terence
   680 | D:2      | Killed Terence
   718 | D:2      | Noticed Jessica
   732 | D:2      | Killed Jessica
   733 | D:2      | Reached XP level 4. HP: 19/24 MP: 3/5
   831 | D:2      | Noticed Natasha
   874 | D:3      | Found a hide-covered altar of Uskayaw.
   959 | D:3      | Reached skill level 4 in Unarmed Combat
   977 | D:3      | Reached XP level 5. HP: 28/28 MP: 4/6
  1130 | D:2      | Killed Natasha
  1171 | D:2      | Noticed Natasha
  1178 | D:2      | Killed Natasha
  1261 | D:2      | Noticed Natasha
  1266 | D:2      | Killed Natasha
  1440 | D:3      | Reached XP level 6. HP: 21/32 MP: 4/7
  1577 | D:3      | Reached skill level 5 in Unarmed Combat
  1602 | D:3      | Found a glowing silver altar of Zin.
  1759 | D:4      | Identified the +10 dagger "Ikes" {venom, ^Contam rPois
                  | Str+5 SInv}
  2052 | D:4      | Found Oruuh's Distillery.
  2061 | D:4      | Bought a potion of attraction for 30 gold pieces
  2061 | D:4      | Bought a potion of mutation for 80 gold pieces
  2106 | D:4      | Reached XP level 7. HP: 36/36 MP: 8/8
  2110 | D:4      | Found a sparkling altar of Nemelex Xobeh.
  2398 | D:4      | Found a staircase to the Ecumenical Temple.
  2484 | D:5      | Entered Level 5 of the Dungeon
  2487 | D:5      | Found Loraeduc's Antique Armour Boutique.
  2505 | D:5      | Found Tettiheh's Assorted Antiques.
  2550 | D:5      | Bought a scroll labelled ZOECOU VU YKO for 21 gold pieces
  2550 | D:5      | Bought a scroll of identify for 42 gold pieces
  2634 | D:5      | Found Faven's General Store.
  2702 | D:5      | Identified a scroll of acquirement
  2703 | D:5      | Acquired the scarf "Buacsibb" {harm, rCorr}
  2727 | D:5      | Reached skill level 6 in Unarmed Combat
  2829 | D:5      | Found Eceach's General Store.
  2966 | D:5      | Noticed Sigmund
  2977 | D:5      | Killed Sigmund
  2978 | D:5      | Gained mutation: You have razor-sharp teeth. [Vine Stalker
                  | growth]
  2978 | D:5      | Reached XP level 8. HP: 38/40 MP: 9/9
  3210 | D:5      | Found Xaemajor's General Store.
  3469 | D:6      | Reached skill level 5 in Dodging
  3469 | D:6      | Reached skill level 5 in Shapeshifting
  3507 | D:6      | Reached skill level 7 in Unarmed Combat
  3561 | D:6      | Reached XP level 9. HP: 37/44 MP: 7/10
  3599 | D:6      | Found a glowing golden altar of the Shining One.
  3791 | D:7      | Found an ancient bone altar of Kikubaaqudgha.
  3834 | Temple   | Entered the Ecumenical Temple
  3849 | Temple   | Became a worshipper of Ru the Awakened
  4219 | D:7      | Reached skill level 8 in Unarmed Combat
  4653 | D:7      | Found a burning altar of Makhleb.
  5313 | D:6      | Identified the ring of Feulauny {rC+ Will+ rCorr}
  5369 | D:6      | Found a bloodstained altar of Trog.
  5586 | D:8      | Gained mutation: You are missing an eye, making it more
                  | difficult to aim. [Ru sacrifice]
  5586 | D:8      | Reached * piety under Ru
  5609 | D:8      | Found an ornate altar of the Wu Jian Council.
  5652 | D:8      | Reached XP level 10. HP: 46/49 MP: 11/11
  5656 | D:8      | Reached skill level 9 in Unarmed Combat
  5966 | D:8      | Found a shadowy altar of Dithmenos.
  6628 | D:9      | Found a blossoming altar of Fedhas.
  6629 | D:9      | Found a hazy altar of Hepliaklqana.
  6658 | D:9      | Identified the +4 flail "Concordance" {spect, rN+}
  6769 | D:9      | Noticed an orange demon
  6784 | D:9      | Killed an orange demon
  7133 | D:9      | Reached skill level 10 in Unarmed Combat
  7182 | D:9      | Reached XP level 11. HP: 16/52 MP: 3/12
  7279 | D:9      | Found a basalt altar of Yredelemnul.
  7531 | D:10     | Entered Level 10 of the Dungeon
  7602 | D:10     | Gained mutation: You occasionally lose the ability to drink
                  | potions when taking damage. [Ru sacrifice]
  7602 | D:10     | Gained mutation: You sometimes lose the ability to drink
                  | potions when taking damage. [Ru sacrifice]
  7602 | D:10     | Reached ** piety under Ru
  7636 | D:9      | Noticed Amaemon
  7682 | D:9      | HP: 2/52 [Amaemon/+0 demon whip of venom (1)]
  7786 | D:10     | Noticed a two-headed ogre
  7936 | D:10     | Noticed Erica
  7953 | D:10     | Killed Erica
  8027 | D:10     | Found Maec's Weapon Boutique.
  8042 | D:10     | Noticed a skeletal warrior
  8076 | D:10     | Noticed a two-headed ogre
  8084 | D:10     | Killed a two-headed ogre
  8133 | D:10     | Killed a two-headed ogre
  8224 | D:5      | Bought a lightning rod (4/4) for 440 gold pieces
  8527 | D:10     | Found a staircase to the Orcish Mines.
  8600 | D:10     | Found a stormy altar of Qazlal.
  8642 | D:10     | Killed a skeletal warrior
  8643 | D:10     | Reached skill level 11 in Unarmed Combat
  8796 | D:10     | Noticed a centaur warrior
  8942 | D:10     | Killed a centaur warrior
  8945 | D:10     | Killed from afar by a laughing skull

Illustrated notes

Levels and vault maps discovered:
D:1:      pf_arrival_petrified_forest, layout_loops_ring,
          corexii_leaking_fountain
D:2:      layout_basic, uniq_jessica, uniq_terence, uniq_natasha
D:3:      layout_rooms, mainiacjoe_overflow_alcove_1,
          mainiacjoe_overflow_small_starburst
D:4:      layout_basic, nemelex_spade_bored_becter,
          minmay_temple_entry_from_below_a, serial_shops, shop, grunt_tough_drop
D:5:      layout_cave_pools, serial_co_window_serial, co_window_paths_a,
          co_window_paths_a, co_window_paths_b, co_window_paths_b,
          co_window_paths_a, co_window_paths_b, co_window_paths_a,
          co_window_broadway_c, co_window_unsneaky_path_e, co_window_corner_b,
          co_window_unsneaky_path_a, co_window_corner_b, glass_columns_b,
          serial_shops, shop, nicolae_shop_peninsula, nicolae_shop_behind_doors,
          kennysheep_little_box, nicolae_diamond_shop, uniq_sigmund
D:6:      layout_basic, trog_butcher_becter,
          mainiacjoe_overflow_six_doors_small, st_stairs_6
D:7:      layout_basic, mainiacjoe_overflow_concentric_impassable,
          lightli_temple_of_fire
D:8:      layout_loops_corners, mainiacjoe_overflow_tiny_flanked,
          nicolae_dithmenos_shadow_blocks
D:9:      layout_cave_pools, nicolae_yredelemnul_corpse_copse,
          nicolae_overflow_squiral, glass_columns_b, uniq_amaemon
D:10:     layout_irregular_city, nicolae_qazlal_style_of_elements, erik_orc_4,
          serial_shops, shop_fountains, st_stairs_10, minmay_radiant, uniq_erica
Temple:   nicolae_temple_figure_zero

Skill      XL: |  1  2  3  4  5  6  7  8  9 10 11 |
---------------+----------------------------------+-----
Fighting       | 1 2 3 |  3.0
Dodging        | 2 3 4 5 6 8 9 |  9.1
Unarmed Combat | 4 5 6 7 8 10 11 | 11.2
Shapeshifting  | 4 5 7 8 9 |  9.6

Action                     |  1- 3 |  4- 6 |  7- 9 | 10-12 || total
---------------------------+-------+-------+-------+-------++-------
  Melee: Unarmed           |    42 |   136 |   235 |   372 ||   785
         Bite              |    11 |    30 |    95 |   115 ||   251
         Punch             |     1 |     6 |     9 |    23 ||    39
  Throw: Dart              |       |       |       |     1 ||     1
 Invoke: Sacrifice an Eye  |       |       |     1 |       ||     1
         Sacrifice Drink   |       |       |       |     1 ||     1
  Evoke: Wand              |       |       |       |     3 ||     3
         Lightning rod     |       |       |       |     3 ||     3
    Use: Potion            |     1 |       |       |     5 ||     6
         Scroll            |       |     6 |     4 |     5 ||    15
   Stab: Sleeping          |     1 |     1 |     2 |     2 ||     6
         Distracted        |       |       |       |     1 ||     1
 Armour: Animal skin       |    19 |       |       |       ||    19
         Skin              |     2 |       |       |    97 ||    99
         Robe              |       |    58 |   104 |   150 ||   312
  Dodge: Dodged            |    23 |    73 |   160 |   355 ||   611
  Block: Other             |       |       |       |    17 ||    17
   Form: Flux              |       |       |       |     1 ||     1

Table legend: (Time is in decaauts)
 A = Elapsed time spent in this place.
 B = Non-inter-level travel time spent in this place.
 C = Inter-level travel time spent in this place.
 D = Time resting spent in this place.
 E = Time spent auto-exploring this place.
 F = Levels seen in this place.
 G = Mean time per level.
                   A        B        C        D        E       F      G
               +--------+--------+--------+--------+--------+-----+--------+
         Total |   8870 |   8284 |    586 |    546 |   5485 |  11 |  806.4 |
       Dungeon |   8843 |   8269 |    574 |    546 |   5485 |  10 |  884.3 |
        Temple |     27 |     15 |     12 |      0 |      0 |   1 |   27.0 |
               +--------+--------+--------+--------+--------+-----+--------+

Top non-repeatable levels by time:
     D:7: 1410 daAuts
     D:8: 1188 daAuts
     D:9: 1068 daAuts
     D:5: 966 daAuts
    D:10: 933 daAuts
     D:6: 798 daAuts
     D:4: 745 daAuts
     D:2: 642 daAuts
     D:3: 554 daAuts
     D:1: 536 daAuts
  Temple: 27 daAuts
